 Dungeon Crawl Stone Soup version 0.27-a0-1188-g73eefd5def (webtiles) character file.

Game seed: 1869368108644818865

716 Glokmah the Bolt Thrower (level 7, -6/44 HPs)
             Began as a Tengu Hunter on May 21, 2021.
             Was a Follower of Okawaru.
             Mangled by Maggie
             ... wielding a +2 war axe of flaming
              (13 damage)
             ... on level 6 of the Dungeon.
             The game lasted 00:10:52 (5712 turns).

Glokmah the Bolt Thrower (Tengu Hunter)             Turns: 5712, Time: 00:10:53

Health: -6/44      AC:  4    Str: 13    XL:     7   Next: 69%
Magic:  10/10      EV: 14    Int: 17    God:    Okawaru [*.....]
Gold:   191        SH:  0    Dex: 16    Spells: 7/9 levels left

rFire    + . .     SeeInvis .   a - +1 hand crossbow
rCold    + . .     Faith    .   (no shield)
rNeg     . . .     Spirit   .   c - +0 leather armour
rPois    +         Reflect  .   (helmet restricted)
rElec    +         Harm     .   x - +0 cloak
rCorr    +         Rampage  .   (no gloves)
Will     .....                  (boots unavailable)
Stlth    ++........             i - amulet of magic regeneration
HPRegen  0.14/turn              l - +6 ring of intelligence
MPRegen  0.37/turn              (no ring)

@: resistant, flying quickly and evasively, mesmerised, quick
A: beak, talons 3, nimble flight
a: Renounce Religion, Heroism


You were on level 6 of the Dungeon.
You worshipped Okawaru.
Okawaru was aware of your devotion.
You visited 2 branches of the dungeon, and saw 7 of its levels.

You collected 191 gold pieces.

Inventory:

Hand Weapons
 a - a +1 hand crossbow (weapon)
 b - a +1 dagger of electrocution
 n - a +2 vampiric short sword
Missiles
 d - 61 bolts (quivered ammo)
 j - 6 boomerangs
 q - a throwing net
 s - 18 poisoned darts
 u - 8 javelins
Armour
 c - a +0 leather armour (worn)
 x - a +0 cloak (worn)
Jewellery
 i - an amulet of magic regeneration (around neck)
 l - a +6 ring of intelligence (left hand)
Wands
 k - a wand of iceblast (9)
 m - a wand of mindburst (17)
Scrolls
 r - a scroll of brand weapon {unknown}
 t - a scroll of fear {unknown}
 y - a scroll of enchant armour {unknown}
Potions
 e - a potion of brilliance
 g - 2 potions of attraction
 o - a potion of flight {unknown}
 p - 2 potions of curing
 v - a potion of lignification {unknown}
 w - a potion of cancellation {unknown}


   Skills:
 + Level 4.4 Fighting
 * Level 7.9 Crossbows
 - Level 2.1 Dodging
 - Level 1.0 Stealth
 + Level 1.8 Spellcasting
 * Level 2.3 Translocations


You had 7 spell levels left.
You knew the following spells:

 Your Spells              Type           Power      Damage    Failure   Level
a - Blink                 Tloc           N/A        N/A       14%         2

Your spell library contained the following spells:

 Spells                   Type           Power      Damage    Failure   Level
 Magic Dart               Conj           4%         1d3       26%         1
 Call Imp                 Summ           1%         N/A       36%         2
 Slow                     Hex            1%         N/A       36%         2
 Sublimation of Blood     Necr           0%         N/A       36%         2
 Conjure Flame            Conj/Fire      1%         6-21      58%         3
 Ignite Poison            Fire/Tmut/Pois 1%         N/A       58%         3
 Mephitic Cloud           Conj/Pois/Air  1%         N/A       58%         3
 Vampiric Draining        Necr           0%         2d6       58%         3
 Agony                    Necr           1%         N/A       100%        5
 Fireball                 Conj/Fire      0%         3d3       100%        5
 Starburst                Conj/Fire      0%         8x6d3     100%        6
 Ignition                 Fire           0%         3d3       100%        8


Dungeon Overview and Level Annotations

Branches:
Dungeon (6/15)             Temple (1/1) D:4

Altars:
Ashenzari
Cheibriados
Elyvilon
Hepliaklqana
Kikubaaqudgha
Makhleb
Okawaru
Qazlal
Ru
Trog
Uskayaw
Vehumet
Wu Jian
Yredelemnul
Zin
The Shining One

Annotations:
D:5 3 runed translucent doors, DarkShadow's ghost, amateur MiFi; EnegeticOcto's ghost, novice KoAK; LabCoat's ghost, novice HOFi; freidrichen's ghost, amateur GnWn
D:6 Maggie


Innate Abilities, Weirdness & Mutations

You have a beak for a mouth.
You have claws for feet.
Your magical nature lets you fly swiftly and evasively.


Message History

You shoot a bolt. The bolt hits Maggie!
Maggie is severely wounded.
You feel like a meek peon again. Maggie hits you but does no damage.
Fire: 66 bolts
Press: ? - help, Q - select action, (/) - cycle Shift-Dir - straight line, f/p - Maggie
Aim: Maggie, wielding a +2 war axe of flaming and wearing +0 swamp dragon scales (severely wounded, mesmerising, 72% to hit)
You shoot a bolt. The bolt barely misses Maggie.
Maggie gestures wildly while chanting.
Maggie draws you further into her thrall.
Fire: 65 bolts
Press: ? - help, Q - select action, (/) - cycle Shift-Dir - straight line, f/p - Maggie
Aim: Maggie, wielding a +2 war axe of flaming and wearing +0 swamp dragon scales (severely wounded, mesmerising, 72% to hit)
You shoot a bolt.
The bolt hits Maggie but does no damage.
Maggie is severely wounded.
Maggie misses you.
Fire: 64 bolts
Press: ? - help, Q - select action, (/) - cycle Shift-Dir - straight line, f/p - Maggie
Aim: Maggie, wielding a +2 war axe of flaming and wearing +0 swamp dragon scales (severely wounded, mesmerising, 72% to hit)
You shoot a bolt. The bolt hits Maggie.
Maggie is severely wounded.
Maggie hits you with a +2 war axe of flaming!
* * * LOW HITPOINT WARNING * * *
Maggie burns you.
* * * LOW HITPOINT WARNING * * *
Fire: 63 bolts
Press: ? - help, Q - select action, (/) - cycle Shift-Dir - straight line, f/p - Maggie
Aim: Maggie, wielding a +2 war axe of flaming and wearing +0 swamp dragon scales (severely wounded, mesmerising, 72% to hit)
You shoot a bolt. The bolt hits Maggie.
Maggie is severely wounded.
Maggie points at you and mumbles some strange words.
The bolt of fire misses you.
Fire: 62 bolts
Press: ? - help, Q - select action, (/) - cycle Shift-Dir - straight line, f/p - Maggie
Aim: Maggie, wielding a +2 war axe of flaming and wearing +0 swamp dragon scales (severely wounded, mesmerising, 72% to hit)
You shoot a bolt. The bolt hits Maggie!
Maggie is almost dead.
Maggie hits you with a +2 war axe of flaming!
You die...

.# .# # .# #.
.# #
##..####.##.##.
...............
#.............
#(..@@.#
....###### #


You could see Maggie (mesmerising).

Vanquished Creatures
  A black bear (D:5)
  An ogre (D:5)
  A scorpion (D:5)
  A wyvern zombie (D:4)
  A water moccasin zombie (D:5)
  A water moccasin skeleton (D:4)
  An orc priest (D:5)
  An iguana (D:5)
  2 orc wizards (D:5)
  A howler monkey skeleton (D:5)
  6 adders
  3 ufetubi (D:5)
  3 worms
  4 dart slugs
  17 orcs
  6 ball pythons
  3 endoplasms
  A giant cockroach (D:3)
  7 goblins
  9 hobgoblins
  4 jackals (D:1)
  6 kobolds
  7 quokkas
  4 bats
  5 frilled lizards
  13 rats
109 creatures vanquished.

Notes
Turn   | Place    | Note
-------+----------+-------------------------------------------
     0 | D:1      | Glokmah the Tengu Hunter began the quest for the Orb.
     0 | D:1      | Reached XP level 1. HP: 12/12 MP: 2/2
   314 | D:1      | Reached XP level 2. HP: 17/17 MP: 3/3
   344 | D:1      | Found a faded altar of an unknown god.
   360 | D:1      | Reached skill level 5 in Crossbows
   372 | D:1      | Reached XP level 3. HP: 4/22 MP: 4/4
  1276 | D:2      | Reached XP level 4. HP: 11/27 MP: 5/5
  2010 | D:2      | Reached skill level 6 in Crossbows
  2021 | D:2      | Identified Poklalyt's Guide on Necromancy
  2331 | D:3      | Gained mutation: Your magical nature lets you fly swiftly
                  | and evasively. [Tengu growth]
  2331 | D:3      | Reached XP level 5. HP: 32/32 MP: 6/6
  2885 | D:3      | Found a bloodstained altar of Trog.
  3855 | D:4      | Reached XP level 6. HP: 8/38 MP: 7/7
  4175 | D:4      | Found an ornate altar of the Wu Jian Council.
  4255 | D:4      | Reached skill level 7 in Crossbows
  4281 | D:4      | Learned a level 2 spell: Blink
  4322 | D:4      | Found a staircase to the Ecumenical Temple.
  4344 | Temple   | Entered the Ecumenical Temple
  4353 | Temple   | Became a worshipper of Warmaster Okawaru
  4553 | D:5      | Entered Level 5 of the Dungeon
  4553 | D:5      | Noticed a black bear
  4815 | D:5      | Killed a black bear
  4816 | D:5      | Reached skill level 1 in Translocations
  4856 | D:5      | Reached skill level 1 in Spellcasting
  4856 | D:5      | Reached XP level 7. HP: 24/43 MP: 9/9
  5163 | D:5      | Reached * piety under Okawaru
  5477 | D:5      | Found a runed translucent gate.
  5477 | D:5      | Found a runed translucent gate.
  5477 | D:5      | Found a runed translucent gate.
  5478 | D:5      | Noticed DarkShadow's ghost (amateur MiFi)
  5479 | D:5      | Noticed LabCoat's ghost (novice HOFi)
  5479 | D:5      | Noticed freidrichen's ghost (amateur GnWn)
  5479 | D:5      | Noticed EnegeticOcto's ghost (novice KoAK)
  5573 | D:5      | Found a white marble altar of Elyvilon.
  5697 | D:6      | Noticed Maggie
  5712 | D:6      | Mangled by Maggie

Illustrated notes

Levels and vault maps discovered:
D:1:      psy_arrival_basics, layout_loops_ring,
          chequers_ecumenical_altar_island
D:2:      layout_basic
D:3:      layout_basic, nicolae_overflow_hidden_temple, serial_forest,
          infiniplex_forest_clump_small, infiniplex_forest_clump_C,
          infiniplex_forest_lined_room_2, infiniplex_forest_straight_2,
          infiniplex_forest_clump_cross, infiniplex_forest_clump_medium,
          infiniplex_forest_clump_double, kennysheep_crisscross,
          amethyst_killhole
D:4:      layout_basic, lemuel_doored_altar, minmay_temple_entry_grid
D:5:      layout_basic, lemuel_coloured_pillars_altar, gammafunk_ghost_cemetery,
          kennysheep_boxes
D:6:      layout_loops_ring, chequers_serial_rivers_micro_b,
          minmay_misc_feat_pillars, uniq_maggie
Temple:   nicolae_temple_x_marks_the_god

Skill      XL: |  1  2  3  4  5  6  7 |
---------------+----------------------+-----
Crossbows      | 5 6 7 |  7.9
Fighting       | 3 4 |  4.4
Translocations | 1 2 |  2.3
Spellcasting   | 1 |  1.8
Dodging        | |  2.1
Stealth        | |  1.0

Action                   |  1- 3 |  4- 6 |  7- 9 || total
-------------------------+-------+-------+-------++-------
Melee: Dagger            |    67 |   109 |     1 ||   177
       Kick              |    18 |    33 |       ||    51
       Peck              |     9 |    17 |       ||    26
 Fire: Hand crossbow     |    20 |    51 |    62 ||   133
Invok: Heroism           |       |       |     1 ||     1
  Use: Scroll            |       |     7 |     3 ||    10
       Potion            |       |       |     2 ||     2
 Stab: Sleeping          |     4 |     3 |       ||     7
Armor: Leather armour    |    17 |     9 |     5 ||    31
Dodge: Dodged            |    41 |    77 |    12 ||   130

Table legend: (Time is in decaauts)
 A = Elapsed time spent in this place.
 B = Non-inter-level travel time spent in this place.
 C = Inter-level travel time spent in this place.
 D = Time resting spent in this place.
 E = Time spent auto-exploring this place.
 F = Levels seen in this place.
 G = Mean time per level.
                   A        B        C        D        E       F      G
               +--------+--------+--------+--------+--------+-----+--------+
         Total |   5509 |   5019 |    490 |    961 |   2796 |   7 |  787.0 |
       Dungeon |   5492 |   5008 |    484 |    961 |   2796 |   6 |  915.3 |
        Temple |     16 |     10 |      6 |      0 |      0 |   1 |   16.0 |
               +--------+--------+--------+--------+--------+-----+--------+

Top non-repeatable levels by time:
     D:1: 1268 daAuts
     D:2: 1130 daAuts
     D:3: 1103 daAuts
     D:5: 999 daAuts
     D:4: 976 daAuts
  Temple: 16 daAuts
     D:6: 15 daAuts
